 Dungeon Crawl Stone Soup version 0.31.0-2-g5a2aebc5c2 (webtiles) character file.

Game seed: 8872758868289958577

343 Arctor the Shooter (level 6, -3/37 HPs)
             Began as a Kobold Hexslinger on Jan 21, 2024.
             Slain by Edmund
             ... wielding a +2 dire flail of holy wrath
              (13 damage)
             ... on level 4 of the Dungeon.
             The game lasted 00:01:40 (2764 turns).

Arctor the Shooter (Kobold Hexslinger)              Turns: 2764, Time: 00:01:41

Health: -3/37      AC:  2    Str:  6    XL:     6   Next: 88%
Magic:  18/19      EV: 16    Int: 14    God:
Gold:   150        SH:  0    Dex: 19    Spells: 5/10 levels left

rFire   . . .        a - +1 sling
rCold   . . .        (no shield)
rNeg    . . .        c - +0 robe
rPois   .            (no helmet)
rElec   .            (no cloak)
rCorr   .            (no gloves)
SInv    .            (no boots)
Will    .....        (no amulet)
Stlth   +++          e - ring of magical power
HPRegen 0.26/turn    (no ring)
MPRegen 0.16/turn

%: no passive effects
@: weak-willed, attractive
A: small, no large weapons, nightstalker 3
a: no special abilities


You were on level 4 of the Dungeon.
You visited 1 branch of the dungeon, and saw 4 of its levels.

You collected 150 gold pieces.

Inventory:

Hand Weapons
 a - a +1 sling (weapon)
Armour
 c - a +0 robe (worn)
Jewellery
 e - a ring of magical power (left hand)
 f - a ring of willpower
 h - an amulet of the acrobat
Wands
 t - a wand of roots (11)
Scrolls
 b - 2 scrolls of poison
 g - 2 scrolls of amnesia
 m - 2 scrolls of identify
 p - a scroll of revelation {unknown}
 u - a scroll of fear {unknown}
 v - 2 scrolls of enchant armour {unknown}
 w - a scroll of enchant weapon {unknown}
Potions
 i - a potion of haste {unknown}
 j - a potion of might {unknown}
 k - a potion of berserk rage {unknown}
 n - a potion of brilliance {unknown}
 o - 2 potions of magic {unknown}
 q - a potion of lignification {unknown}
 r - a potion of enlightenment {unknown}
 s - 2 potions of curing {unknown}


   Skills:
 + Level 3.0 Fighting
 + Level 4.4 Ranged Weapons
 + Level 4.0 Dodging
 + Level 2.7 Spellcasting
 + Level 4.0 Hexes
 - Level 2.2 Fire Magic


You had 5 spell levels left.
You knew the following spells:

 Your Spells              Type           Power      Damage    Failure   Level
a - Jinxbite              Hex            26%        N/A       6%          2
b - Inner Flame           Hex/Fire       10%        N/A       19%         3

Your spell library contained the following spells:

 Spells                   Type           Power      Damage    Failure   Level
 Sigil of Binding         Hex            13%        N/A       13%         3
 Cause Fear               Hex            6%         N/A       38%         4
 Dimensional Bullseye     Hex/Tloc       3%         N/A       67%         4


Dungeon Overview and Level Annotations

Branches:
Dungeon (4/15)
 Temple: D:4-7

Altars:

Annotations:
D:4 Edmund


Innate Abilities, Weirdness & Mutations

You are small and have problems with some larger weapons.
You are completely attuned to the shadows.


Message History

Edmund shouts!
You hear an angry growl.
You hear a bark!
You shoot a sling bullet. The sling bullet barely misses Edmund.
Edmund is nearby!
You shoot a sling bullet.
The sling bullet hits Edmund but does no damage.
Edmund gestures with his flail.
Edmund closely misses you.
You shoot a sling bullet.
The sling bullet hits Edmund but does no damage.
Edmund hits you with a +2 dire flail of holy wrath!
Edmund is nearby!
Casting: Jinxbite (safe; 6% risk of failure)
Confirm with . or Enter, or press ? or * to list all spells.
You beckon some vexing sprites to accompany your attacks.
You feel your willpower being sapped.
Edmund hits you with a +2 dire flail of holy wrath!
You shoot a sling bullet.
The sling bullet hits Edmund but does no damage.
A giggling sprite leaps out and doodles on Edmund's face.
Edmund is lightly wounded.
Edmund barely misses you. x2
You shoot a sling bullet. The sling bullet barely misses Edmund.
A giggling sprite leaps out and smacks Edmund with his own hand.
Edmund is lightly wounded.
Edmund misses you.
You shoot a sling bullet. The sling bullet hits Edmund!
Edmund is moderately wounded.
The jinxing sprites lose interest in you.
Edmund closely misses you.
A black bear comes into view.
It was a potion of attraction.
You feel attractive to monsters. Edmund misses you.
As you read the scroll labelled LAILIV XAWKYSKIC, it crumbles to dust.
Your body is wracked with pain!
* * * LOW HITPOINT WARNING * * *
Edmund convulses!
The black bear convulses!
It was a scroll of torment.
Edmund hits you with a +2 dire flail of holy wrath!
You die...
Edmund says, "That'll show my brother!"

#####
####..⌠#
#......#
#.h@@..#
...#...##
.. #....#
. ##...#
#...#
#...#
#...#
#...#
#...#


You could see Edmund (very drained) and a black bear.

Vanquished Creatures
  Sigmund (D:2)
  An ice beast (D:4)
  An orc priest (D:2)
  A dart slug (D:3)
  2 ribbon worms (D:3)
  2 orcs (D:2)
  An endoplasm (D:2)
  3 giant cockroaches
  7 goblins
  5 hobgoblins
  6 quokkas
  3 ball pythons
  3 bats
  4 frilled lizards
  4 kobolds
  3 rats
47 creatures vanquished.

Notes
Turn   | Place    | Note
-------+----------+-------------------------------------------
     0 | D:1      | Arctor the Kobold Hexslinger began the quest for the Orb.
     0 | D:1      | Reached XP level 1. HP: 12/12 MP: 2/2
   274 | D:1      | Reached XP level 2. HP: 15/16 MP: 3/3
   277 | D:1      | Learned a level 2 spell: Jinxbite
  1125 | D:1      | Reached XP level 3. HP: 20/20 MP: 5/5
  1406 | D:2      | Noticed Sigmund
  1411 | D:2      | Killed Sigmund
  1412 | D:2      | Reached XP level 4. HP: 22/27 MP: 7/7
  1412 | D:2      | Reached XP level 5. HP: 25/31 MP: 8/8
  1412 | D:2      | Reached XP level 6. HP: 29/36 MP: 9/9
  1454 | D:2      | Learned a level 3 spell: Inner Flame
  2704 | D:4      | Noticed an ice beast
  2725 | D:4      | Killed an ice beast
  2755 | D:4      | Noticed Edmund
  2762 | D:4      | Noticed a black bear
  2764 | D:4      | Slain by Edmund

Illustrated notes

Levels and vault maps discovered:
D:1:      dpeg_arrival_arbitrary_a, layout_loops_corners
D:2:      cheibrodos_pilgrimage, layout_loops_ring, uniq_sigmund
D:3:      layout_loops_ring, minmay_misc_feat_five
D:4:      kennysheep_spiral_hall, layout_basic, evilmike_ruin_ashenzari,
          nicolae_uskayaw_murder_on_the_dancefloor,
          mainiacjoe_overflow_surrounded_room, serial_shops, shop, uniq_ijyb,
          uniq_eustachio, uniq_edmund, uniq_pikel

Skill      XL: |  1  2  3  4  5  6 |
---------------+-------------------+-----
Ranged Weapons | 3 4 |  4.4
Fighting       | 2 3 |  3.0
Dodging        | 3 4 |  4.0
Spellcasting   | 2 |  2.7
Fire Magic     | 2 |  2.2
Hexes          | 4 |  4.0

Action                     |  1- 3 |  4- 6 || total
---------------------------+-------+-------++-------
   Fire: Sling             |    75 |   103 ||   178
   Cast: Jinxbite          |       |     4 ||     4
    Use: Scroll            |     1 |     1 ||     2
         Potion            |       |     1 ||     1
 Armour: Robe              |    12 |    24 ||    36
  Dodge: Dodged            |    39 |    70 ||   109
